 Dungeon Crawl Stone Soup version 0.28-a0-1429-gf3d713df7a (webtiles) character file.

Game seed: 12730378312822233957

104 HallandMoats the Shield-Bearer (level 4, -1/35 HPs)
             Began as a Demonspawn Fighter on Jan 9, 2022.
             Killed from afar by an orc wizard (9 damage)
             ... with a magic dart
             ... on level 3 of the Dungeon.
             The game lasted 00:01:33 (2099 turns).

HallandMoats the Shield-Bearer (Demonspawn Fighter) Turns: 2099, Time: 00:01:33

Health: -1/35      AC:  6    Str: 19    XL:     4   Next: 52%
Magic:  5/5        EV: 10    Int:  9    God:
Gold:   76         SH:  4    Dex: 12    Spells: 3/3 levels left

rFire   . . .      SeeInvis .   a - +0 war axe
rCold   . . .      Faith    .   c - +0 buckler
rNeg    . . .      Spirit   .   b - +0 scale mail
rPois   .          Reflect  .   (no helmet)
rElec   .          Harm     .   (no cloak)
rCorr   .          Rampage  .   (no gloves)
Will    .....                   (no boots)
Stlth   ..........              (no amulet)
HPRegen 0.11/turn               (no ring)
MPRegen 0.09/turn               (no ring)

@: no status effects
A: demonic guardian 1, sturdy frame 1, demonic touch 1
a: no special abilities


You were on level 3 of the Dungeon.
You visited 1 branch of the dungeon, and saw 3 of its levels.

You collected 76 gold pieces.

Inventory:

Hand Weapons
 a - a +0 war axe (weapon)
Armour
 b - a +0 scale mail (worn)
 c - a +0 buckler (worn)
Wands
 p - a wand of digging (4)
Scrolls
 h - 4 scrolls of identify {unknown}
 j - 3 scrolls of noise {unknown}
 o - a scroll of blinking {unknown}
Potions
 d - a potion of might
 e - 2 potions of lignification {unknown}
 f - a potion of magic {unknown}
 g - a potion of mutation {unknown}
 i - 2 potions of attraction {unknown}
 k - a potion of resistance {unknown}
 l - a potion of heal wounds {unknown}
 m - a potion of curing {unknown}
 n - a potion of haste {unknown}
 q - a potion of ambrosia {unknown}


   Skills:
 + Level 3.3 Fighting
 + Level 2.2 Axes
 + Level 3.0 Armour
 + Level 1.1 Dodging
 * Level 3.6 Shields
 + Level 1.7 Invocations


You had 3 spell levels left.
You didn't know any spells.
Your spell library contained the following spells:

 Spells                   Type           Power      Damage    Failure   Level
 Tukima's Dance           Hex            0%         N/A       97%         3
 Passage of Golubria      Tloc           0%         N/A       100%        4
 Yara's Violent Unravell  Hex/Tmut       0%         3d3       100%        5


Dungeon Overview and Level Annotations

Branches:
Dungeon (3/15)

Altars:


Innate Abilities, Weirdness & Mutations

A weak demonic guardian rushes to your aid.
Your movements are slightly less encumbered by armour. (ER -2)
Your touch may inflict minor irresistible damage on your foes.


Message History

The orc wizard is almost dead.
You feel less confused. You block the orc wizard's attack.
You barely miss the orc wizard.
The orc wizard is almost dead.
You block the orc wizard's attack.
The orc wizard hits you but does no damage.
You hit the orc wizard but do no damage.
The orc wizard is almost dead.
The orc wizard casts a spell.
The orc wizard flickers and vanishes!
Deactivating autopickup; reactivate with Ctrl-A.
You miss something.
You hear some strange, mumbled words.
You are confused.
You miss something. Something hits you but does no damage.
You hear some strange, mumbled words.
Something tries to affect you, but you resist.
You barely miss something. Something hits you but does no damage.
You bump into the rock wall.
Something hits you.
You completely miss something.
You feel less confused. You block something's attack.
Something hits you but does no damage.
You hit something but do no damage. Something hits you but does no damage.
You closely miss something.
You hear some strange, mumbled words.
A magic dart appears from out of thin air!
The magic dart hits you.
You hit something but do no damage. Something hits you.
You hear some strange, mumbled words.
A magic dart appears from out of thin air!
The magic dart hits you!
* * * LOW HITPOINT WARNING * * *
You miss something. Something hits you.
* * * LOW HITPOINT WARNING * * *
You closely miss something.
You hear some strange, mumbled words.
A magic dart appears from out of thin air!
The magic dart hits you!
You die...

#.......#
#..#.#..#
#..#.#..#
#..#.#..#
#..#.#..#
#..#.#..# #
#.......#
####.#####.####
#...ooh{@).#
......#######
..?## .


You could see 2 orcs and a jackal.

Vanquished Creatures
  An orc wizard (D:3)
  3 adders
  A worm (D:3)
  A dart slug (D:3)
  3 ball pythons
  6 bats
  6 endoplasms
  3 giant cockroaches
  3 goblins
  A hobgoblin (D:1)
  5 jackals
  2 quokkas (D:1)
  4 frilled lizards
  4 kobolds
  4 rats
47 creatures vanquished.

Notes
Turn   | Place    | Note
-------+----------+-------------------------------------------
     0 | D:1      | HallandMoats the Demonspawn Fighter began the quest for the
                  | Orb.
     0 | D:1      | Reached XP level 1. HP: 18/18 MP: 1/1
   123 | D:1      | Gained mutation: Your touch may inflict minor irresistible
                  | damage on your foes. [demonic ancestry]
   123 | D:1      | Reached XP level 2. HP: 18/24 MP: 2/2
   642 | D:1      | Reached skill level 1 in Invocations
  1250 | D:2      | Gained mutation: A weak demonic guardian rushes to your
                  | aid. [demonic ancestry]
  1250 | D:2      | Reached XP level 3. HP: 28/29 MP: 3/3
  1495 | D:2      | Found a faded altar of an unknown god.
  1920 | D:3      | Reached skill level 1 in Dodging
  1971 | D:3      | Gained mutation: Your movements are slightly less
                  | encumbered by armour. (ER -2) [demonic ancestry]
  1971 | D:3      | Reached XP level 4. HP: 35/35 MP: 5/5
  2099 | D:3      | Killed from afar by an orc wizard

Illustrated notes

Levels and vault maps discovered:
D:1:      minmay_arrival_up_and_down, layout_basic, serial_curves,
          eino_curves_01, eino_curves_03
D:2:      layout_basic, basic_ecumenical_altar
D:3:      layout_loops_cross, amcnicky_altar_gilded, uniq_robin

Skill      XL: |  1  2  3  4 |
---------------+-------------+-----
Shields        | 3 |  3.6
Axes           | 2 |  2.2
Invocations    | 1 |  1.7
Dodging        | 1 |  1.1
Armour         | 3 |  3.0
Fighting       | |  3.3

Action                   |  1- 3 |  4- 6 || total
-------------------------+-------+-------++-------
Melee: War axe           |   121 |    55 ||   176
Armor: Scale mail        |    81 |    23 ||   104
Dodge: Dodged            |    73 |    23 ||    96
Block: Buckler           |    46 |     9 ||    55

Table legend: (Time is in decaauts)
 A = Elapsed time spent in this place.
 B = Non-inter-level travel time spent in this place.
 C = Inter-level travel time spent in this place.
 D = Time resting spent in this place.
 E = Time spent auto-exploring this place.
 F = Levels seen in this place.
 G = Mean time per level.
                   A        B        C        D        E       F      G
               +--------+--------+--------+--------+--------+-----+--------+
         Total |   2173 |   2148 |     25 |      6 |   1744 |   3 |  724.3 |
       Dungeon |   2173 |   2148 |     25 |      6 |   1744 |   3 |  724.3 |
               +--------+--------+--------+--------+--------+-----+--------+

Top non-repeatable levels by time:
     D:1: 1057 daAuts
     D:2: 771 daAuts
     D:3: 344 daAuts
